AoeStats
← Lord_Wilfredo

Arena

508338072Analyzed
3v3 RM · 11d ago on Sep 22, 2026· 32m 30s· 6 players
Game mode
Random Map
Map size
Normal (6 player)
Population
200
Speed
Normal
Resources
Standard
Victory
Conquest
Starting age
Dark Age
Ending age
Imperial Age
RankedLock teamsTeams togetherTeam positionsShared explorationLock speedFull tech treeHidden civsTurbo modeCheats
Victory
Defeat
🇧🇷 Spanish · Brazil
1367
+14
🇦🇷 Mongols · Argentina
1355
+15
🇨🇴 Bohemians · Colombia
1350
+15
🇨🇴 Teutons · Colombia
1376
-16
🇨🇴 Bohemians · Colombia
1356
-16
🇨🇴 Celts · Colombia
1264
-12
Logan
11:21 Feudal Age
13:34 Wheelbarrow
16:23 Castle Age
14:27 Double-Bit Axe
17:50 Bow Saw
33:39 Imperial Age
31:23 Loom
RAGNAROK
12:41 Feudal Age
14:17 Wheelbarrow
17:09 Castle Age
14:57 Horse Collar
15:04 Double-Bit Axe
17:45 Loom
30:18 Imperial Age
30:08 Elite Skirmisher
31:22 Conscription
Urahara
2:29 Loom
12:20 Feudal Age
15:51 Castle Age
14:08 Double-Bit Axe
15:20 Stone Mining
15:23 Horse Collar
15:35 Gold Mining
17:24 Wheelbarrow
17:27 Bow Saw
29:40 Scale Mail Armor
29:45 Scale Barding Armor
29:50 Forging
Tabosa
10:34 Feudal Age
14:09 Castle Age
12:57 Double-Bit Axe
13:45 Horse Collar
14:11 Padded Archer Armor
15:32 Wheelbarrow
15:08 Loom
15:40 Leather Archer Armor
21:56 Gold Mining
29:07 Hand Cart
29:50 Stone Mining
Lord_Wilfredo
9:47 Feudal Age
10:50 Double-Bit Axe
13:32 Castle Age
11:34 Horse Collar
14:49 Heavy Plow
16:15 Loom
19:49 Bow Saw
22:14 Wheelbarrow
23:13 Gold Mining
27:15 Imperial Age
25:23 Forging
26:48 Iron Casting
26:21 Scale Barding Armor
27:26 Bloodlines
27:18 Elite Steppe Lancer
29:37 Chain Barding Armor
30:57 Husbandry
32:33 Hand Cart
33:40 Blast Furnace
Isaac_Hayes
10:43 Feudal Age
15:14 Castle Age
15:31 Loom
16:00 Double-Bit Axe
16:49 Fervor
21:13 Horse Collar
23:32 Fletching
23:58 Padded Archer Armor
25:05 Fortified Wall
25:45 Sanctity
26:23 Heavy Plow
26:38 Bow Saw
27:16 Redemption
28:20 Wheelbarrow
28:27 Town Watch
33:05 Imperial Age
32:24 Hand Cart
Connection lost

Rejoining the realm…

Still unreachable

The connection could not be restored.

Session expired

The server has moved on; the page needs a fresh start.